Map: White Rabbit LE

Players

Welp - Winner!

  • Race: Zerg Zerg
  • League: Diamond
  • Spawn Location: 1:00

AMCHOLDER

  • Race: Zerg Zerg
  • League: Diamond
  • Spawn Location: 7:00

VOD

Have the link to the VOD?

Description

Time

  • Played on: Dec. 25, 2025, 8:50 a.m.
  • Length: 3:14
Show
View Real Time Build Order
Export as new Build Order

Welp Zerg - Winner!

Build Orders: 1 Base Baneling Bust, Pool First 

Get SALT Encoding   

  12  0:00  Drone  
  13  0:08  Drone  
  14  0:14  Extractor  
  14  0:16  Drone  
  14  0:33  Spawning Pool  
  14  0:35  Drone  
  14  0:45  Overlord  
  14  1:03  Drone  
  15  1:19  Zergling x6  
  15  1:21  Metabolic Boost  
  18  1:27  Queen  
  18  1:31  Zergling x2  
  21  1:41  Zergling x2  
  22  1:49  Baneling Nest  
  22  1:53  Overlord  
  21  2:03  Zergling x2  
  22  2:16  Zergling x2  
  23  2:29  Zergling x2  
  24  2:37  Zergling x8  
  26  2:39  Baneling  
  26  2:40  Baneling  
  26  2:41  Baneling  
  28  2:53  Hatchery  
  28  2:55  Zergling x2  
Show
View Real Time Build Order
Export as new Build Order

AMCHOLDER Zerg 

Build Orders: Hatch First 

Get SALT Encoding   

  12  0:00  Drone  
  13  0:09  Drone  
  14  0:14  Extractor  
  14  0:15  Drone  
  15  0:23  Overlord  
  15  0:42  Hatchery  
  14  0:46  Drone  
  14  0:49  Drone  
  16  0:52  Drone  
  17  0:57  Drone  
  18  1:06  Extractor  
  17  1:12  Spawning Pool  
  17  1:15  Drone  
  17  1:19  Drone  
  18  1:30  Drone  
  19  1:41  Drone  
  20  1:51  Drone  
  21  1:59  Queen x2  
  21  2:00  Zergling x2  
  26  2:02  Zergling x2  
  26  2:05  Overlord  
  27  2:13  Zergling x2  
  28  2:29  Zergling x2  
  30  2:30  Zergling x4  
  30  2:40  Zergling x4  
  32  2:49  Baneling Nest  
  32  2:51  Evolution Chamber  
  30  3:00  Spine Crawler  
Tags
 
Add a new tag
Caveats
  • Supply blocks, unpowered buildings, or Contaminate may cause inaccurate times.
  • Supply counts are checked every 10 seconds.